 Dungeon Crawl Stone Soup version 0.19.4-8-ga85b6b9 (webtiles) character file.

57 esteth the Magician (level 3, 8/24 HPs)
             Began as a Demonspawn Wizard on Feb 10, 2017.
             Quit the game on level 2 of the Dungeon.
             The game lasted 00:07:22 (2134 turns).

esteth the Magician (Demonspawn Wizard)             Turns: 2134, Time: 00:07:22

Health: 8/24       AC:  2    Str:  9    XL:     3   Next: 73%
Magic:  1/7        EV: 12    Int: 20    God:
Gold:   93         SH:  0    Dex: 11    Spells: 3 memorised, 2 levels left

rFire  . . .     SeeInvis .     (no weapon)
rCold  . . .     Gourm    .     a - +0 robe
rNeg   . . .     Faith    .     (no shield)
rPois  .         Spirit   .     b - +0 hat
rElec  .         Reflect  .     (no cloak)
rCorr  .         Harm     .     (no gloves)
MR     .....                    (no boots)
Stlth  ++........               (no amulet)
                                (no ring)
                                q - +2 ring of strength

@: no status effects
A: demonic guardian 1
a: no special abilities


You were on level 2 of the Dungeon.
You were near starving.

You visited 1 branch of the dungeon, and saw 2 of its levels.

You collected 93 gold pieces.

Inventory:

Armour
 a - a +0 robe (worn)
 b - a +0 hat (worn)
Jewellery
 q - a +2 ring of strength (left hand)
Scrolls
 m - a scroll of enchant weapon
 n - a scroll of remove curse
 o - a scroll of magic mapping {unknown}
Potions
 e - a potion of agility {unknown}
 f - 2 potions of flight {unknown}
 g - 2 potions of curing {unknown}
 i - a potion of heal wounds {unknown}
 k - a potion of mutation {unknown}
 l - 2 potions of might {unknown}
 p - a potion of cancellation {unknown}
Books
 c - a book of Minor Magic

   Spells                             Type                      Level
   a - Magic Dart                     Conjuration                  1
   b - Blink                          Translocation                2
   c - Call Imp                       Summoning                    2
   d - Repel Missiles                 Charms/Air                   2
   e - Slow                           Hexes                        2
   f - Conjure Flame                  Conjuration/Fire             3
   g - Mephitic Cloud                 Conjuration/Poison/Air       3
Comestibles
 d - a bread ration
 h - 2 meat rations
 j - 2 beef jerkies


   Skills:
 - Level 1.7 Dodging
 - Level 1.7 Stealth
 - Level 3.0 Spellcasting
 - Level 2.6 Conjurations
 + Level 2.6 Summonings
   Level 0.8 Translocations


You had 2 spell levels left.
You knew the following spells:

 Your Spells              Type           Power        Failure   Level  Hunger
a - Magic Dart            Conj           ##..         6%          1    None
b - Call Imp              Summ           ##......     10%         2    ##.....
c - Mephitic Cloud        Conj/Pois/Air  #.......     30%         3    ###....


Dungeon Overview and Level Annotations

Branches:
Dungeon (2/15)

Altars:
Qazlal


Innate Abilities, Weirdness & Mutations

A weak demonic guardian rushes to your aid.


Message History

You hit the worm but do no damage.
The worm is severely wounded.
Your crimson imp hits the worm.
You completely miss the worm.
The worm is severely wounded.
The worm bites you.
Your crimson imp hits the worm.
You hit the worm.
The worm is almost dead.
The worm bites you.
* * * LOW HITPOINT WARNING * * *
Your crimson imp completely misses the worm.
You hit the worm but do no damage.
The worm is almost dead.
Your crimson imp barely misses the worm.
You hit the worm but do no damage.
The worm is almost dead.
The worm closely misses you.
Your crimson imp hits the worm.
The worm dies!
You swap places.
Are you sure you want to abandon this character and quit the game? (Confirm with "yes".)

#......# #..# #......# ##.#
#......# ##############.##
###......#####............#..####
.................................
...###########............##..###
#...# #......#.........>.÷###.# #
#...# #......#............# #.###
#...###......#..@.........# #..##
#........)...#.#5#........# ##.##
#...##.......#.._.........# #..#
#...##.......#.#.#........# ##.#
#...####.#####......).....# #.#
#...# #.################## #†#
#...# #.......# #.. #...#
#######.# ##. #...# #.# #.


You could see a friendly crimson imp.

Vanquished Creatures
  2 adders (D:2)
  An ooze (D:1)
  A dart slug (D:2)
  3 bats (D:2)
  2 giant cockroaches
  4 goblins
  A hobgoblin (D:2)
  7 kobolds
  A quokka (D:2)
  3 frilled lizards
  2 rats (D:2)
27 creatures vanquished.

Vanquished Creatures (collateral kills)
  2 worms (D:2)
  A giant cockroach (D:2)
  A quokka (D:2)
4 creatures vanquished.

Grand Total: 31 creatures vanquished

Notes
Turn   | Place    | Note
-------+----------+-------------------------------------------
     0 | D:1      | esteth the Demonspawn Wizard began the quest for the Orb.
     0 | D:1      | Reached XP level 1. HP: 13/13 MP: 4/4
     4 | D:1      | Noticed a four-headed hydra
     4 | D:1      | Noticed a redback
     4 | D:1      | Noticed a lindwurm
     4 | D:1      | Noticed a water moccasin
   374 | D:1      | Gained mutation: A weak demonic guardian rushes to your aid. [demonic ancestry]
   374 | D:1      | Reached XP level 2. HP: 13/19 MP: 0/6
   667 | D:1      | Learned a level 2 spell: Call Imp
  1236 | D:2      | Reached XP level 3. HP: 24/24 MP: 2/7
  1350 | D:2      | Learned a level 3 spell: Mephitic Cloud
  1929 | D:2      | Found a stormy altar of Qazlal.
  2134 | D:2      | Quit the game

Skill      XL: |  1  2  3 |
---------------+----------+-----
Conjurations   | 2 |  2.6
Summonings     | 2 |  2.6
Dodging        | |  1.7
Stealth        | |  1.7
Spellcasting   | |  3.0
Translocations | |  0.8

Action                   || total
-------------------------++-------
Melee: Unarmed           ||    33
 Cast: Magic Dart        ||    74
       Call Imp          ||     5
  Use: Scroll            ||     4
  Eat: Chunk             ||     2
Armor: Robe              ||     8
Dodge: Dodged            ||    24
